 Dungeon Crawl Stone Soup version 0.29-a0-830-gcb1280458a (webtiles) character file.

Game seed: 2325995900351292602

749 Bnni the Shooter (level 7, -5/56 HPs)
             Began as a Demonspawn Hunter on July 12, 2022.
             Was an Initiate of Okawaru.
             Slain by a fire elemental (11 damage)
             ... created by the fiery vengeance of Ignis
             ... on level 4 of the Dungeon.
             The game lasted 00:08:14 (4446 turns).

Bnni the Shooter (Demonspawn Hunter)                Turns: 4446, Time: 00:08:15

Health: -5/56      AC:  6    Str: 12    XL:     7   Next: 48%
Magic:  7/7        EV: 11    Int: 10    God:    Okawaru [......]
Gold:   171        SH:  0    Dex: 18    Spells: 6/6 levels left

rFire   . . .      SeeInvis .   a - +0 shortbow
rCold   . . .      Faith    .   (shield currently unavailable)
rNeg    . . .      Spirit   .   e - +0 ring mail
rPois   +          Reflect  .   (no helmet)
rElec   .          Harm     .   (no cloak)
rCorr   .          Rampage  .   (no gloves)
Will    .....                   w - +0 pair of boots
Stlth   +.........              (no amulet)
HPRegen 0.18/turn               v - ring of poison resistance
MPRegen 0.10/turn               (no ring)

@: fire susceptible
A: (demonic guardian 2)
a: Renounce Religion


You were on level 4 of the Dungeon.
You worshipped Okawaru.
Okawaru was noncommittal.
You visited 1 branch of the dungeon, and saw 5 of its levels.

You collected 231 gold pieces.
You spent 60 gold pieces at shops.

Inventory:

Hand Weapons
 a - a +0 shortbow (weapon)
 s - the +3 mace of the End of Times {freeze, Dex+6}
   (You found it on level 3 of the Dungeon)

   It freezes those it strikes, dealing additional cold damage.
   It can also slow down cold-blooded creatures.
   Dex:       It affects your dexterity (+6).
Armour
 e - a +0 ring mail (worn)
 w - a +0 pair of boots (worn)
Jewellery
 v - a ring of poison resistance (left hand)
Scrolls
 b - 2 scrolls of immolation
 f - 2 scrolls of enchant armour {unknown}
 g - a scroll of identify {unknown}
 h - a scroll of brand weapon {unknown}
 j - a scroll of amnesia {unknown}
 k - 2 scrolls of poison {unknown}
 m - 2 scrolls of blinking {unknown}
 n - 3 scrolls of magic mapping {unknown}
 o - a scroll of teleportation {unknown}
 r - a scroll of vulnerability {unknown}
 x - a scroll of noise {unknown}
Potions
 c - a potion of lignification {unknown}
 d - a potion of attraction
 i - a potion of haste {unknown}
 l - 3 potions of curing
 p - a potion of flight {unknown}
 q - a potion of mutation {unknown}
 t - a potion of heal wounds {unknown}
 u - 2 potions of might {unknown}


   Skills:
 + Level 5.1 Fighting
 * Level 7.3 Ranged Weapons
 - Level 1.7 Dodging
 - Level 0.8 Stealth


You had 6 spell levels left.
You didn't know any spells.
Your spell library contained the following spells:

 Spells                   Type           Power      Damage    Failure   Level
 Necrotise                Necr           0%         1d4       65%         1
 Vampiric Draining        Necr           0%         2d6       95%         3
 Agony                    Necr           0%         N/A       100%        5


Dungeon Overview and Level Annotations

Branches:
Dungeon (5/15)
 Temple: D:4-7

Altars:
Fedhas
Okawaru
Qazlal
Ru
Sif Muna
Trog
Uskayaw
Ignis

Shops:
D:3 *!(   D:4 [*==


Innate Abilities, Weirdness & Mutations

((A demonic guardian rushes to your aid.))


Message History

You hit the iguana. You freeze the iguana.
The iguana is almost dead.
The iguana bites you but does no damage.
The iguana bites you!
You are too injured to fight recklessly!
You are too injured to fight recklessly!
You are too injured to fight recklessly!
You sock the iguana! You freeze the iguana.
You kill the iguana!
Okawaru accepts your kill.
The +3 mace of the End of Times {freeze, Dex+6} stops glowing.
a - a +0 shortbow (weapon)
Unknown command.
Ignis calls forth spirits of fire to unmake you! 3 fire elementals come into view.
Press: ? - help, v - describe, . - travel
Here: a fire elemental (durably summoned)
The floor.
Okay, then.
Okay, then.
You see here an iguana corpse.
The fire elemental completely misses you.
The fire elemental closely misses you.
There is a stone staircase leading up here.
The fire elemental barely misses you. The fire elemental hits you.
The fire elemental burns you!
You climb upwards.
There is a stone staircase leading down here.
Okay, then.
Okay, then.
The fire elemental hits you. The fire elemental burns you!
The fire elemental closely misses you. The fire elemental hits you.
The fire elemental burns you!
* * * LOW HITPOINT WARNING * * *
The fire elemental hits you. The fire elemental burns you!
* * * LOW HITPOINT WARNING * * *
The fire elemental barely misses you. The fire elemental hits you.
* * * LOW HITPOINT WARNING * * *
The fire elemental burns you!
You die...

#............>...........
#.......#####.....#.....#
#.......[...........#####
#........##..######.# #
#......○>........##.# #
####...#○○.......##.## #
#.....☼○........#..# #
#####.EE...........####
#.@................
#.#...#........##..
#...#.#.........##.
##..#.#.......#.###
####..#.####.####)##
#.....#..###.####..##
#'#.#...†...........#
#.#)#................
#####.###...............#


You could see 2 fire elementals.

Vanquished Creatures
  2 scorpions
  A necrophage (D:5)
  3 hounds
  2 orc priests
  3 jellies (D:5)
  An iguana (D:5)
  3 adders
  An ufetubus (D:5)
  2 worms
  5 dart slugs
  13 orcs
  9 ball pythons
  6 bats
  8 endoplasms
  5 giant cockroaches
  7 goblins
  14 hobgoblins
  9 kobolds
  6 quokkas
  6 frilled lizards
  3 rats
109 creatures vanquished.

Vanquished Creatures (collateral kills)
  An ogre (D:5)
  A scorpion (D:4)
  An orc (D:4)
  A ball python (D:4)
4 creatures vanquished.

Grand Total: 113 creatures vanquished

Notes
Turn   | Place    | Note
-------+----------+-------------------------------------------
     0 | D:1      | Bnni the Demonspawn Hunter began the quest for the Orb.
     0 | D:1      | Reached XP level 1. HP: 16/16 MP: 1/1
   126 | D:1      | Gained mutation: A weak demonic guardian rushes to your
                  | aid. [demonic ancestry]
   126 | D:1      | Reached XP level 2. HP: 22/22 MP: 2/2
   187 | D:1      | Reached skill level 4 in Ranged Weapons
   275 | D:1      | Found a faded altar of an unknown god.
   299 | D:1      | Prayed at the altar of an unknown god.
   299 | D:1      | Became a worshipper of Ignis, the Dying Flame
   588 | D:1      | Reached XP level 3. HP: 28/28 MP: 3/3
  1076 | D:2      | Found a hide-covered altar of Uskayaw.
  1126 | D:2      | Reached XP level 4. HP: 34/34 MP: 4/4
  1691 | D:2      | Reached skill level 5 in Ranged Weapons
  1966 | D:3      | Reached XP level 5. HP: 41/41 MP: 5/5
  1990 | D:3      | Identified the +3 mace of the End of Times {freeze, Dex+6}
  2002 | D:3      | Found Zoobbo's General Store.
  2010 | D:3      | Bought a potion of attraction for 30 gold pieces
  2075 | D:3      | Found Yleopnof's Distillery.
  2083 | D:3      | Bought a potion of curing for 30 gold pieces
  2167 | D:3      | Found Mirezxep's Antique Weapon Shop.
  2362 | D:3      | Found a stormy altar of Qazlal.
  2546 | D:4      | Found Xega's CLEARANCE SALE!.
  2702 | D:4      | Found a blossoming altar of Fedhas.
  2757 | D:4      | Reached skill level 6 in Ranged Weapons
  2757 | D:4      | Reached XP level 6. HP: 7/48 MP: 6/6
  3137 | D:4      | Found Dox Omeu's Antique Armour Shop.
  3216 | D:4      | Found Ofecociu's Jewellery Boutique.
  3292 | D:4      | Found Hyesonie's Jewellery Shop.
  3329 | D:5      | Entered Level 5 of the Dungeon
  3761 | D:5      | Found a shimmering blue altar of Sif Muna.
  3761 | D:5      | Found a bloodstained altar of Trog.
  3761 | D:5      | Found an iron altar of Okawaru.
  3768 | D:5      | Fell from the grace of Ignis
  3768 | D:5      | Became a worshipper of Warmaster Okawaru
  3774 | D:5      | Found a sacrificial altar of Ru.
  3811 | D:5      | Gained mutation: A demonic guardian rushes to your aid.
                  | [demonic ancestry]
  3811 | D:5      | Reached XP level 7. HP: 55/55 MP: 7/7
  3981 | D:5      | Reached skill level 7 in Ranged Weapons
  4260 | D:5      | Reached skill level 5 in Fighting
  4438 | D:5      | Noticed a fire elemental
  4438 | D:5      | Noticed a fire elemental
  4438 | D:5      | Noticed a fire elemental
  4446 | D:4      | Slain by a fire elemental

Illustrated notes

Levels and vault maps discovered:
D:1:      ncdulo_wetmaze, layout_loops_ring, chequers_ecumenical_altar_island
D:2:      layout_basic, basic_altar, minmay_unequal
D:3:      layout_basic, dreamdust_divine_triumvirate,
          nicolae_qazlal_eye_of_the_storm, serial_shops,
          nicolae_shop_advertising_works [nicolae_subvault_shop_adworks], shop,
          nicolae_shop_stone, st_stairs_14
D:4:      layout_rooms, mainiacjoe_overflow_brackets, serial_shops,
          nicolae_shop_competitors_out_of_business, kennysheep_mini,
          nicolae_shop_hallway_plus, nicolae_shop_clearance
D:5:      layout_cave_pods, grunt_temple_overflow_cloverleaf

Skill      XL: |  1  2  3  4  5  6  7 |
---------------+----------------------+-----
Ranged Weapons | 4 5 6 7 |  7.3
Fighting       | 3 4 5 |  5.1
Dodging        | |  1.7
Stealth        | |  0.8

Action                   |  1- 3 |  4- 6 |  7- 9 || total
-------------------------+-------+-------+-------++-------
Melee: Mace              |       |       |     7 ||     7
 Fire: Shortbow          |   103 |   174 |    43 ||   320
Invok: Fiery Armour      |       |     3 |       ||     3
Armor: Ring mail         |    11 |    42 |    17 ||    70
Dodge: Dodged            |    23 |    79 |    19 ||   121

Table legend: (Time is in decaauts)
 A = Elapsed time spent in this place.
 B = Non-inter-level travel time spent in this place.
 C = Inter-level travel time spent in this place.
 D = Time resting spent in this place.
 E = Time spent auto-exploring this place.
 F = Levels seen in this place.
 G = Mean time per level.
                   A        B        C        D        E       F      G
               +--------+--------+--------+--------+--------+-----+--------+
         Total |   4581 |   4490 |     91 |    523 |   3250 |   5 |  916.2 |
       Dungeon |   4581 |   4490 |     91 |    523 |   3250 |   5 |  916.2 |
               +--------+--------+--------+--------+--------+-----+--------+

Top non-repeatable levels by time:
     D:5: 1134 daAuts
     D:1: 1005 daAuts
     D:2: 965 daAuts
     D:4: 840 daAuts
     D:3: 633 daAuts
